 Dungeon Crawl Stone Soup version 0.20.1-1-g8b1a95d (webtiles) character file.

3200 vineage the Basher (level 9, -2/55 HPs)
             Began as a Gargoyle Fighter on Sept 2, 2017.
             Was a Believer of Okawaru.
             Slain by a warg (7 damage)
             ... on level 7 of the Dungeon.
             The game lasted 00:11:22 (6883 turns).

vineage the Basher (Gargoyle Fighter)               Turns: 6883, Time: 00:11:23

Health: -2/55      AC: 22    Str: 22    XL:     9   Next: 96%
Magic:  9/9        EV:  6    Int: 10    God:    Okawaru [**....]
Gold:   458        SH: 16    Dex: 11    Spells: 8/8 levels left

rFire    . . .     SeeInvis .   a - +1 flail
rCold    . . .     Gourm    .   c - +5 shield
rNeg     + . .     Faith    .   g - +0 plate armour
rPois    ∞         Spirit   .   r - +1 helmet
rElec    +         Reflect  .   (no cloak)
rCorr    .         Harm     .   j - +0 pair of gloves
MR       .....     Rnd*Rage +   (no boots)
Stlth    ..........             p - amulet of inaccuracy
Regen    0.2/turn               u - +2 ring of slaying
MPRegen  0.2/turn               (no ring)

@: flying
A: big wings, thin skeletal structure 1, berserk 1, negative energy resistance
1, electricity resistance, unbreathing, petrification resistance, rot immunity,
AC +5
a: Stop Flying, Heroism, Renounce Religion


You were on level 7 of the Dungeon.
You worshipped Okawaru.
Okawaru was pleased with you.
You were not hungry.

You visited 2 branches of the dungeon, and saw 9 of its levels.

You collected 458 gold pieces.

Inventory:

Hand Weapons
 a - a +1 flail (weapon)
 d - a +0 whip of electrocution
Armour
 b - a +0 scale mail
 c - a +5 shield (worn)
 g - a +0 plate armour (worn)
 j - a +0 pair of gloves (worn)
 r - a +1 helmet (worn)
Jewellery
 m - a cursed -2 ring of protection {unknown}
 p - an amulet of inaccuracy (around neck)
 u - a +2 ring of slaying (left hand)
Wands
 h - a wand of paralysis (14/24)
 l - a wand of acid (8/15)
 w - a wand of digging (24/24)
Scrolls
 i - a scroll of identify
 k - 3 scrolls of remove curse
 n - 2 scrolls of amnesia
 o - a scroll of fear
 A - a scroll of fog
Potions
 e - a potion of mutation
 q - a potion of degeneration
 x - a potion of lignification
Comestibles
 f - 3 bread rations


   Skills:
 + Level 5.9 Fighting
 + Level 8.9 Maces & Flails
 + Level 6.7 Armour
 + Level 3.0 Dodging
 + Level 1.0 Stealth
 + Level 8.1 Shields


You had 8 spell levels left.
You didn't know any spells.

Dungeon Overview and Level Annotations

Branches:
Dungeon (8/15)             Temple (1/1) D:6
   Lair: D:8-11

Altars:
Ashenzari
Cheibriados
Dithmenos
Elyvilon
Fedhas
Hepliaklqana
Makhleb
Okawaru
Ru
Sif Muna
Uskayaw
Xom
Zin
The Shining One

Annotations:
D:6 exclusion: oklob plant


Innate Abilities, Weirdness & Mutations

You are resistant to torment.
Your stone body is resilient. (AC +5)
You are immune to poison.
You resist negative energy. (rN+)
You are resistant to electric shocks. (rElec)
You can survive without breathing.
You are immune to petrification.
You are immune to rotting.
Your large and strong wings let you fly indefinitely.
You have a somewhat thin skeletal structure. (Dex +2, Stealth)
You tend to lose your temper in combat.


Message History

You hit the warg.
The warg is lightly wounded.
You block the warg's attack. The warg bites you.
* * * LOW HITPOINT WARNING * * *
The warg bites you but does no damage.
You closely miss the warg.
The warg is lightly wounded.
You block the warg's attack.
The warg bites you but does no damage. x2
You sock the warg!
The warg is moderately wounded.
The warg bites you.
* * * LOW HITPOINT WARNING * * *
You block the warg's attack.
You sock the warg!
The warg is heavily wounded.
You block the warg's attack. The warg barely misses you. x2
You hit the warg but do no damage.
The warg is heavily wounded.
The warg closely misses you. The warg bites you!
You die...

########...#
#..#
.........###
### ####..#
##########
#.#
######..>..#
# #.#
#.........##
#.#
#.####.####
#.# #.# #.#
#.# #.# #.#
#h# #.# #.#
##### #@#
#.# #.######
....# ###h#
#.# #.......
###.#
#...####.#
######## #.#
#...)....#
#.#
#######..#
#.# #..# #
#.# #..#
###.## #..#
##...# #..#


You could see 2 wargs.

Vanquished Creatures
  Pikel (D:4)
  A hungry ghost (D:8)
  2 orc warriors
  An ice beast (D:6)
  2 phantoms (D:7)
  2 necrophages
  3 centaurs
  The ghost of kalagan the Vandal, an amateur HaHu (D:3)
  2 bullfrogs
  A wyvern skeleton (D:8)
  A scorpion (D:8)
  4 killer bees (D:4)
  3 centaur zombies
  A crimson imp (D:6)
  2 hounds (D:6)
  A quasit (D:5)
  10 jellies
  A bullfrog skeleton (D:5)
  10 orc priests
  4 orc wizards
  Terence (D:3)
  An iguana (D:7)
  A worker ant (D:8)
  2 hound skeletons
  6 adders
  12 oozes (D:6)
  3 worms
  A dart slug (D:1)
  3 leopard geckos
  27 orcs
  A giant cockroach (D:2)
  9 goblins
  8 hobgoblins
  6 jackals
  9 kobolds
  A quokka (D:7)
  2 ball pythons
  3 bats
  6 frilled lizards
  2 goblin skeletons (D:5)
  A hobgoblin zombie (D:5)
  2 kobold zombies (D:5)
  A leopard gecko skeleton (D:5)
  An orc skeleton (D:5)
  2 orc zombies (D:5)
  A quokka zombie (D:7)
  4 rats
169 creatures vanquished.

Vanquished Creatures (others)
  2 slaves (D:4)
  An ogre (D:4)
  A killer bee (D:4)
  A hound (D:4)
  An orc priest (D:4)
  2 orcs (D:4)
  3 jackals (D:4)
  A frilled lizard (D:4)
  5 fungi (D:6)
17 creatures vanquished.

Grand Total: 186 creatures vanquished

Notes
Turn   | Place    | Note
-------+----------+-------------------------------------------
     0 | D:1      | vineage the Gargoyle Fighter began the quest for the Orb.
     0 | D:1      | Reached XP level 1. HP: 14/14 MP: 1/1
   163 | D:1      | Reached XP level 2. HP: 19/19 MP: 2/2
   544 | D:2      | Reached XP level 3. HP: 21/23 MP: 3/3
   659 | D:2      | Found a shadowy altar of Dithmenos.
  1109 | D:3      | Reached XP level 4. HP: 29/29 MP: 4/4
  1192 | D:3      | Noticed kalagan's ghost (amateur HaHu)
  1202 | D:3      | Killed kalagan's ghost
  1202 | D:3      | Reached XP level 5. HP: 33/33 MP: 5/5
  1535 | D:3      | Noticed Terence
  1546 | D:3      | Killed Terence
  1690 | D:4      | Noticed a slave
  1692 | D:4      | Noticed Pikel
  1692 | D:4      | Noticed a slave
  1692 | D:4      | Noticed a slave
  1698 | D:4      | Noticed a slave
  1703 | D:4      | Gained mutation: Your large and strong wings let you fly indefinitely. [potion of mutation]
  1703 | D:4      | Gained mutation: You tend to lose your temper in combat. [potion of mutation]
  1703 | D:4      | Gained mutation: You have a somewhat thin skeletal structure. (Dex +2, Stealth) [potion of mutation]
  1732 | D:4      | Killed Pikel
  1732 | D:4      | Reached skill level 5 in Maces & Flails
  1732 | D:4      | Reached skill level 5 in Armour
  1732 | D:4      | Reached skill level 1 in Dodging
  1732 | D:4      | Reached skill level 5 in Shields
  1732 | D:4      | Reached XP level 6. HP: 24/39 MP: 6/6
  1732 | D:4      | Reached XP level 7. HP: 27/44 MP: 7/7
  2866 | D:4      | Reached XP level 8. HP: 48/48 MP: 8/8
  2883 | D:4      | Reached skill level 5 in Fighting
  3274 | D:5      | Entered Level 5 of the Dungeon
  3349 | D:5      | Found a glowing golden altar of the Shining One.
  4556 | D:6      | Found a staircase to the Ecumenical Temple.
  4596 | Temple   | Entered the Ecumenical Temple
  4629 | Temple   | Became a worshipper of Warmaster Okawaru
  4689 | D:6      | Reached XP level 9. HP: 50/54 MP: 9/9
  4746 | D:6      | Noticed an oklob plant
  5565 | D:7      | Reached * piety under Okawaru
  6808 | D:8      | Reached ** piety under Okawaru
  6858 | D:8      | Reached skill level 1 in Stealth
  6883 | D:7      | Slain by a warg

Skill      XL: |  1  2  3  4  5  6  7  8  9 |
---------------+----------------------------+-----
Maces & Flails | 3 5 7 8 |  8.9
Fighting       | 4 5 |  5.9
Shields        | 4 5 6 8 |  8.1
Armour         | 5 6 |  6.7
Dodging        | 1 2 3 |  3.0
Stealth        | 1 |  1.0

Action                   |  1- 3 |  4- 6 |  7- 9 || total
-------------------------+-------+-------+-------++-------
Melee: Flail             |   129 |   102 |   404 ||   635
       Whip              |       |       |   127 ||   127
Invok: Heroism           |       |       |     1 ||     1
 Abil: Fly               |       |       |     1 ||     1
  Use: Scroll            |     1 |     7 |    13 ||    21
       Potion            |       |     8 |     2 ||    10
  Eat: Chunk             |       |     2 |     8 ||    10
       Meat ration       |       |       |     2 ||     2
       Royal jelly       |       |       |     3 ||     3
Armor: Scale mail        |    57 |    72 |   206 ||   335
       Plate armour      |       |       |    19 ||    19
Dodge: Dodged            |    28 |    70 |   146 ||   244
Block: Shield            |    62 |    63 |   326 ||   451
